 Dungeon Crawl Stone Soup version 0.29.1-15-g9cfb28693d (webtiles) character file.

Game seed: 8732685231060057149

49 promet the Poker (level 3, 0/28 HPs)
             Began as a Demonspawn Gladiator on Feb 26, 2023.
             Succumbed to an adder's poison
             ... on level 2 of the Dungeon.
             The game lasted 00:06:26 (1331 turns).

promet the Poker (Demonspawn Gladiator)             Turns: 1331, Time: 00:06:26

Health: 0/28       AC:  3    Str: 14    XL:     3   Next: 53%
Magic:  3/3        EV: 12    Int: 11    God:
Gold:   37         SH:  0    Dex: 14    Spells: 2/2 levels left

rFire   . . .      SeeInvis .   a - +0 trident
rCold   . . .      Faith    .   (no shield)
rNeg    . . .      Spirit   .   b - +0 leather armour
rPois   .          Reflect  .   (helmet restricted)
rElec   .          Harm     .   (no cloak)
rCorr   .          Rampage  .   (no gloves)
Will    .....                   (no boots)
Stlth   +.........              (no amulet)
HPRegen 0.09/turn               (no ring)
MPRegen 0.08/turn               (no ring)

@: mighty, lethally poisoned (0 -> -11), flying
A: antennae 1, powered by death 1
a: no special abilities


You were on level 2 of the Dungeon.
You visited 1 branch of the dungeon, and saw 2 of its levels.

You collected 37 gold pieces.

Inventory:

Hand Weapons
 a - a +0 trident (weapon)
Missiles
 d - 3 throwing nets
 e - 3 javelins (quivered)
 i - 4 poisoned darts
 k - 21 stones
Armour
 b - a +0 leather armour (worn)
 c - a +0 helmet
Potions
 m - a potion of invisibility {unknown}


   Skills:
 + Level 2.3 Fighting
 + Level 3.4 Polearms
 + Level 2.2 Throwing
 + Level 0.4 Armour
 + Level 2.9 Dodging
 + Level 0.1 Stealth


You had 2 spell levels left.
You didn't know any spells.
Your spell library was empty.

Dungeon Overview and Level Annotations

Branches:
Dungeon (2/15)

Altars:

Shops:
D:2 (

Annotations:
D:2 Jessica


Innate Abilities, Weirdness & Mutations

You have a pair of small antennae on your head.
You regenerate a little health from kills.


Message History

You are no longer poisoned.
The adder closely misses you. The kobold hits you but does no damage.
The adder bites you.
You miss the adder. The kobold hits you with a +0 dagger.
The adder bites you but does no damage. The kobold barely misses you.
You barely miss the kobold. The adder closely misses you.
The adder bites you but does no damage. The kobold hits you with a +0 dagger.
You closely miss the adder. The adder bites you.
The kobold hits you with a +0 dagger.
You barely miss the adder. The adder bites you but does no damage.
The kobold hits you with a +0 dagger.
You puncture the adder!
The adder is severely wounded.
The adder barely misses you. The kobold closely misses you.
The adder barely misses you.
You hit the adder.
The adder is almost dead.
The adder bites you. The kobold hits you but does no damage.
You miss the adder.
The adder is almost dead.
The adder bites you.
* * * LOW HITPOINT WARNING * * *
You are lethally poisoned!
The adder poisons you! The kobold hits you but does no damage.
The adder barely misses you.
You hit the kobold.
You kill the kobold!
* * * LOW HITPOINT WARNING * * *
You feel sick. The adder misses you.
It was a potion of flight.
You feel very buoyant.
You fly up into the air.
* * * LOW HITPOINT WARNING * * *
You feel sick. The adder barely misses you. The adder bites you.
* * * LOW HITPOINT WARNING * * *
You are more poisoned.
The adder poisons you!
It was a potion of might.
You feel very mighty all of a sudden.
You die...

#.......# # #.......#
###.......## ###
#....S....<###...
#................
#....##...##.....
#....#...).#...).
#...S).........#
#....@..∩...#
#...........# #
#....#†....#### .#
#....##...##..##.## #
#######.##........##..
#........#.....@
######.†.##..###
#....(....#
##########...#.....#


You could see an adder.

Vanquished Creatures
  3 dart slugs (D:1)
  A ball python (D:2)
  3 bats
  3 endoplasms
  4 giant cockroaches
  5 goblins
  4 hobgoblins
  6 jackals (D:1)
  A frilled lizard (D:1)
  3 kobolds (D:2)
  4 rats
37 creatures vanquished.

Vanquished Creatures (others)
  A fungus (D:1)
1 creature vanquished.

Grand Total: 38 creatures vanquished

Notes
Turn   | Place    | Note
-------+----------+-------------------------------------------
     0 | D:1      | promet the Demonspawn Gladiator began the quest for the
                  | Orb.
     0 | D:1      | Reached XP level 1. HP: 16/16 MP: 1/1
   257 | D:1      | Gained mutation: You regenerate a little health from kills.
                  | [demonic ancestry]
   257 | D:1      | Reached XP level 2. HP: 17/22 MP: 2/2
   485 | D:1      | Reached skill level 3 in Polearms
   629 | D:1      | Found a faded altar of an unknown god.
   947 | D:1      | Discovered your monstrous ancestry.
   947 | D:1      | Gained mutation: You have a pair of small antennae on your
                  | head. [demonic ancestry]
   947 | D:1      | Reached XP level 3. HP: 27/27 MP: 3/3
  1267 | D:2      | Noticed Jessica
  1282 | D:2      | Found Qaipic Vuicu's Weapon Emporium.
  1331 | D:2      | Succumbed to an adder's poison

Illustrated notes

Levels and vault maps discovered:
D:1:      co_arrival_random_square_maze, layout_rooms,
          shapermc_ecumenical_altar_mp_urbaneastern, minmay_tromino_v4_b
D:2:      layout_basic, serial_shops, nicolae_shop_bloodbath_and_beyond,
          uniq_jessica

Skill      XL: |  1  2 |
---------------+-------+-----
Throwing       | 2 |  2.2
Polearms       | 3 |  3.4
Fighting       | |  2.3
Armour         | |  0.4
Dodging        | |  2.9
Stealth        | |  0.1

Action                   || total
-------------------------++-------
Melee: Trident           ||   113
Throw: Javelin           ||     1
  Use: Scroll            ||     4
       Potion            ||     2
Armor: Leather armour    ||    31
Dodge: Dodged            ||    65
